 Dungeon Crawl Stone Soup version 0.28-a0-447-g1f95980246 (webtiles) character file.

Game seed: 5638104932345577263

358 Demosthentine the Poker (level 6, -1/48 HPs)
             Began as a Merfolk Gladiator on Sept 12, 2021.
             Killed by nerve-wracking pain
             ... invoked by an orc priest
              (14 damage)
             ... on level 3 of the Dungeon.
             The game lasted 00:04:59 (2485 turns).

Demosthentine the Poker (Merfolk Gladiator)         Turns: 2485, Time: 00:05:00

Health: -1/48      AC:  5    Str: 16    XL:     6   Next: 64%
Magic:  6/6        EV: 14    Int:  7    God:
Gold:   37         SH:  0    Dex: 16    Spells: 5/5 levels left

rFire   . . .      SeeInvis .   a - +1 trident
rCold   . . .      Faith    .   (no shield)
rNeg    . . .      Spirit   .   b - +0 leather armour
rPois   .          Reflect  .   c - +1 helmet
rElec   .          Harm     .   (no cloak)
rCorr   .          Rampage  .   (no gloves)
Will    .....                   (no boots)
Stlth   +.........              k - amulet of magic regeneration
HPRegen 0.16/turn               (no ring)
MPRegen 0.35/turn               (no ring)

@: no status effects
A: (nimble swimmer 2), mertail
a: no special abilities


You were on level 3 of the Dungeon.
You visited 1 branch of the dungeon, and saw 3 of its levels.

You collected 62 gold pieces.
You spent 25 gold pieces at shops.

Inventory:

Hand Weapons
 a - a +1 trident (weapon)
Missiles
 d - 2 throwing nets (quivered)
Armour
 b - a +0 leather armour (worn)
 c - a +1 helmet (worn)
Jewellery
 k - an amulet of magic regeneration (around neck)
Wands
 n - a wand of charming (9)
Scrolls
 f - a scroll of amnesia {unknown}
Potions
 e - 2 potions of brilliance
 h - a potion of flight
 i - a potion of attraction
 j - a potion of magic
 m - a potion of heal wounds


   Skills:
 + Level 4.0 Fighting
 + Level 6.4 Polearms
 - Level 2.0 Throwing
 + Level 2.2 Armour
 + Level 5.9 Dodging


You had 5 spell levels left.
You didn't know any spells.
Your spell library was empty.

Dungeon Overview and Level Annotations

Branches:
Dungeon (3/15)

Altars:

Shops:
D:1 *   D:2 (


Innate Abilities, Weirdness & Mutations

((You are quick and stealthy near water. (Stealth+, EV+, Speed+++)))
Your lower body shifts to a powerful aquatic tail in water.


Message History

Press: ? - help, Dir - move target, f/p - orc priest
Aim: an orc priest, wielding a +0 hand axe and wearing a +0 scale mail (about 31% to evade your +1 trident)
You hit the orc priest.
The orc priest is moderately wounded.
The orc priest hits you but does no damage.
Unknown command.
Unknown command.
You barely miss the orc priest.
The orc priest is moderately wounded.
The orc priest hits you but does no damage.
You hit the orc priest.
The orc priest is severely wounded.
The orc priest invokes the aid of Beogh against you.
You barely resist.
The orc priest invokes the aid of Beogh against you.
Beogh smites you!
You barely miss the orc priest.
The orc priest is severely wounded.
The orc priest barely misses you.
You barely miss the orc priest.
The orc priest is severely wounded.
The orc priest looks satisfied for a moment.
You hit the orc priest.
You kill the orc priest!
You hit the orc.
You kill the orc!
Reach: a) +1 trident
Press: ? - help, Dir - move target, f - orc priest
Aim: an orc priest, wielding a +0 morningstar and wearing a +0 scale mail (about 31% to evade your +1 trident)
Okay, then.
You hit the orc priest but do no damage.
You hit the orc priest but do no damage.
The orc priest mumbles some strange prayers to Beogh against you.
Pain shoots through your body!
* * * LOW HITPOINT WARNING * * *
You hit the orc priest.
The orc priest is lightly wounded.
The orc priest invokes the aid of Beogh against you.
Pain shoots through your body!
You die...

###########
#####..........
#.......†.##
#.###.##...## #.#
#.#.....#
##.###.##...##
#......###@##
#..##### #o#
#..#######.#
#..........#
#.#######... ##.#
.... ##..# ....
#####...####.......
...........'..


You could see an orc priest.

Vanquished Creatures
  A black bear (D:3)
  A sky beast (D:3)
  A hound (D:2)
  An orc priest (D:3)
  4 adders
  A worm (D:3)
  2 dart slugs
  7 orcs (D:3)
  8 ball pythons
  3 bats
  3 endoplasms (D:1)
  2 giant cockroaches
  3 goblins (D:1)
  8 hobgoblins
  6 kobolds
  4 quokkas
  7 frilled lizards
  5 rats
67 creatures vanquished.

Notes
Turn   | Place    | Note
-------+----------+-------------------------------------------
     0 | D:1      | Demosthentine the Merfolk Gladiator began the quest for the
                  | Orb.
     0 | D:1      | Reached XP level 1. HP: 16/16 MP: 1/1
    80 | D:1      | Found a faded altar of an unknown god.
   101 | D:1      | Reached XP level 2. HP: 23/23 MP: 2/2
   168 | D:1      | Found Arump's Assorted Antiques.
   188 | D:1      | Reached XP level 3. HP: 28/28 MP: 3/3
   883 | D:1      | Bought a scroll labelled ILYMIA EGEUPPI for 25 gold pieces
   931 | D:2      | Reached skill level 5 in Polearms
  1028 | D:2      | Reached skill level 1 in Armour
  1043 | D:2      | Found Loin Soiwn's Weapon Emporium.
  1075 | D:2      | Reached XP level 4. HP: 29/34 MP: 4/4
  1385 | D:2      | Reached skill level 5 in Dodging
  1556 | D:3      | Reached XP level 5. HP: 38/41 MP: 5/5
  2035 | D:3      | Noticed a sky beast
  2040 | D:3      | Noticed a black bear
  2099 | D:3      | HP: 2/41 [something (5)]
  2114 | D:3      | Killed a sky beast
  2115 | D:3      | Reached skill level 6 in Polearms
  2115 | D:3      | Reached XP level 6. HP: 23/48 MP: 6/6
  2119 | D:3      | Killed a black bear
  2485 | D:3      | Killed from afar by an orc priest

Illustrated notes

Levels and vault maps discovered:
D:1:      dpeg_arrival_central, layout_basic, serial_shops, shop,
          basic_ecumenical_altar, minmay_liquid_box
D:2:      layout_rooms, serial_shops,
          nicolae_shop_temple_entry_statues_fountains,
          minmay_misc_feat_secret_circle, dk_vineyard_3
D:3:      layout_loops_corners, grunt_ministairs_10, minmay_close_crescents

Skill      XL: |  1  2  3  4  5  6 |
---------------+-------------------+-----
Polearms       | 5 6 |  6.4
Armour         | 1 2 |  2.2
Fighting       | 3 4 |  4.0
Dodging        | 5 |  5.9
Throwing       | |  2.0

Action                   |  1- 3 |  4- 6 || total
-------------------------+-------+-------++-------
Melee: Trident           |    87 |   158 ||   245
Throw: Throwing net      |       |     1 ||     1
  Use: Scroll            |     3 |     4 ||     7
       Potion            |       |     5 ||     5
 Stab: Sleeping          |     2 |     3 ||     5
       Held in net/web   |       |     1 ||     1
Armor: Leather armour    |    18 |    35 ||    53
Dodge: Dodged            |    40 |    76 ||   116

Table legend: (Time is in decaauts)
 A = Elapsed time spent in this place.
 B = Non-inter-level travel time spent in this place.
 C = Inter-level travel time spent in this place.
 D = Time resting spent in this place.
 E = Time spent auto-exploring this place.
 F = Levels seen in this place.
 G = Mean time per level.
                   A        B        C        D        E       F      G
               +--------+--------+--------+--------+--------+-----+--------+
         Total |   2488 |   2368 |    120 |      0 |   1855 |   3 |  829.3 |
       Dungeon |   2488 |   2368 |    120 |      0 |   1855 |   3 |  829.3 |
               +--------+--------+--------+--------+--------+-----+--------+

Top non-repeatable levels by time:
     D:3: 964 daAuts
     D:1: 925 daAuts
     D:2: 598 daAuts
